 Dungeon Crawl Stone Soup version 0.25-a0-663-gace7076f2c (webtiles) character file.

Game seed: 15103952010189227806, levelgen mode: deterministic

49347 Mehrunes the Destroyer (level 14, -1/86 HPs)
             Began as a Deep Elf Conjurer on Mar 25, 2020.
             Was the Champion of Vehumet.
             Slain by an ogre
             ... wielding a +0 giant club
              (6 damage)
             ... while paralysed by an ogre mage
             ... on level 2 of the Orcish Mines.
             The game lasted 01:17:40 (24723 turns).

Mehrunes the Destroyer (Deep Elf Conjurer)         Turns: 24723, Time: 01:17:41

Health: -1/86      AC: 11    Str:  5    XL:     14   Next: 15%
Magic:  32/32      EV:  2    Int: 26    God:    Vehumet [******]
Gold:   1638       SH:  0    Dex: 15    Spells: 0/38 levels left

rFire    + + .     SeeInvis +   v - staff of conjuration
rCold    x . .     Gourm    .   e - +0 buckler
rNeg     . . .     Faith    .   H - +3 leather armour of the Turtle {rPois SInv}
rPois    +         Spirit   .   (no helmet)
rElec    .         Reflect  .   (no cloak)
rCorr    .         Harm     .   j - +1 pair of gloves
MR       +....                  u - +2 pair of boots
Stlth    ++........             g - amulet of magic regeneration
HPRegen  0.24/turn              s - ring of fire
MPRegen  0.48/turn              C - ring of protection from fire

@: paralysed
A: no striking features
a: Renounce Religion


You were on level 2 of the Orcish Mines.
You worshipped Vehumet.
Vehumet was exalted by your worship.
You were not hungry.

You visited 4 branches of the dungeon, and saw 20 of its levels.

You collected 2028 gold pieces.
You spent 390 gold pieces at shops.

Inventory:

Hand Weapons
 w - a +2 short sword of freezing
 K - a +4 dagger of chaos
 U - the +1 short sword of Arbitration {vorpal, *Rage +Inv rElec MR+}
   (You found it on level 12 of the Dungeon)

   It inflicts extra damage upon your enemies.
   It insulates you from electricity.
   It affects your resistance to hostile enchantments.
   It lets you turn invisible.
   It may make you go berserk in combat.
Armour
 a - a +0 robe
 b - a +0 pair of boots
 e - a +0 buckler (worn)
 j - a +1 pair of gloves (worn)
 u - a +2 pair of boots (worn)
 A - a +0 robe of magic resistance
 H - the +3 leather armour of the Turtle (worn) {rPois SInv}
   (You took it off an orc on level 7 of the Dungeon)

   It protects you from poison.
   It lets you see invisible.
Magical Staves
 v - an uncursed staff of conjuration (weapon)
Jewellery
 g - an amulet of magic regeneration (around neck)
 m - an uncursed ring of flight {unknown}
 s - a ring of fire (left hand)
 z - an uncursed amulet of harm
 C - a ring of protection from fire (right hand)
 F - an uncursed ring of stealth
 J - an uncursed ring of ice
 S - an uncursed ring of see invisible {unknown}
Wands
 y - a wand of enslavement (4)
 B - a wand of iceblast (10)
 E - a wand of random effects (29)
 I - a wand of polymorph (12)
 L - a wand of flame (67)
 T - a wand of disintegration (12)
Scrolls
 d - 4 scrolls of noise
 h - a scroll of blinking
 i - 9 scrolls of remove curse
 l - 3 scrolls of enchant weapon
 p - 2 scrolls of fog
 q - a scroll of fear
 x - 8 scrolls of teleportation
 G - a scroll of vulnerability
 M - a scroll of holy word
 N - a scroll of amnesia
 P - a scroll of enchant armour
 V - a scroll of random uselessness {unknown}
 X - a scroll of identify
Potions
 f - 5 potions of brilliance
 k - a potion of magic {unknown}
 n - a potion of cancellation {unknown}
 o - a potion of heal wounds
 r - 2 potions of berserk rage {unknown}
 t - 3 potions of stabbing {unknown}
 D - 4 potions of curing
 Q - 2 potions of degeneration {unknown}
Miscellaneous
 O - a lamp of fire
 R - a phial of floods
Comestibles
 c - 30 rations


   Skills:
 - Level 9.6 Fighting
 - Level 11.9 Dodging
 - Level 2.4 Stealth
 - Level 4.0 Shields
 - Level 12.5 Spellcasting
 + Level 13.0 Conjurations
   Level 5.4 Hexes
 - Level 3.1 Charms
 - Level 6.0 Summonings
 - Level 4.9 Translocations
 - Level 4.0 Fire Magic
 - Level 6.0 Air Magic
 - Level 6.0 Earth Magic


You couldn't memorise any spells.
You knew the following spells:

 Your Spells              Type           Power        Failure   Level  Hunger
a - Magic Dart            Conj           ####         1%          1    None
b - Searing Ray           Conj           ######       1%          2    None
c - Orb of Destruction    Conj           #######...   7%          7    ######.
d - Iskenderun's Mystic   Conj/Tloc      #######.     1%          4    None
e - Summon Lightning Spi  Summ/Air       #####...     4%          4    None
f - Stone Arrow           Conj/Erth      ######       1%          3    None
g - Iskenderun's Battles  Conj/Chrm      ######..     1%          5    ###....
h - Fireball              Conj/Fire      #######...   1%          5    ###....
i - Iron Shot             Conj/Erth      #######...   5%          6    #####..
j - Apportation           Tloc           #####.       1%          1    None

Your spell library contained the following spells:

 Spells                   Type           Power        Failure   Level  Hunger
 Lee's Rapid Deconstruct  Erth           #####.....   4%          5    ###....
 Corona                   Hex            #####..      1%          1    None
 Summon Small Mammal      Summ           ####         1%          1    None
 Call Imp                 Summ           #####...     1%          2    None
 Call Canine Familiar     Summ           #####...     1%          3    None
 Confusing Touch          Hex            #####...     1%          3    None
 Dazzling Flash           Conj/Hex       ######       1%          3    None
 Summon Guardian Golem    Hex/Summ       #####...     1%          3    None
 Fulminant Prism          Conj/Hex       #######...   1%          4    None
 Bolt of Magma            Conj/Fire/Erth #######...   1%          5    ###....
 Gell's Gravitas          Tloc           #####.....   2%          3    None
 Conjure Ball Lightning   Conj/Air       #######...   5%          6    #####..
 Animate Skeleton         Necr           N/A          6%          1    None
 Starburst                Conj/Fire      #######...   8%          6    #####..
 Yara's Violent Unravell  Hex/Tmut       ####......   14%         5    ###....
 Silence                  Hex/Air        #####.....   16%         5    ###....
 Petrify                  Tmut/Erth      ####....     17%         4    None
 Summon Ice Beast         Ice/Summ       ####....     17%         4    None
 Freezing Cloud           Conj/Ice/Air   ######....   17%         6    #####..
 Spellforged Servitor     Conj/Summ      #######...   26%         7    ######.
 Metabolic Englaciation   Hex/Ice        ####......   47%         5    ###....
 Dispel Undead            Necr           ###.....     52%         4    None
 Ice Form                 Ice/Tmut       ###.....     52%         4    None
 Deflect Missiles         Chrm/Air       #####.....   80%         6    #####..
 Ozocubu's Refrigeration  Ice            ###.......   89%         6    #####..
 Simulacrum               Ice/Necr       ###.......   100%        6    #####..
 Tornado                  Air            #####.....   100%        9    #######


Dungeon Overview and Level Annotations

Branches:
Dungeon (13/15)            Temple (1/1) D:4            Lair (4/6) D:10
 Shoals (0/4) Lair:4        Snake (0/4) Lair:2          Orc (2/2) D:12
 Vaults (0/5) D:13
    Elf: Orc:2

Altars:
Ashenzari
Cheibriados
Dithmenos
Elyvilon
Fedhas
Gozag
Hepliaklqana
Kikubaaqudgha
Makhleb
Nemelex Xobeh
Okawaru
Qazlal
Ru
Sif Muna
Trog
Uskayaw
Vehumet
Wu Jian
Xom
Yredelemnul
Zin
The Shining One

Shops:
D:4 (   D:8 :   Orc:2 *}?

Annotations:
D:6 1 runed translucent door
Lair:2 3 runed translucent doors, Kenorope's ghost, journeyman DEFE
Lair:4 Rupert


Message History

The ogre mage casts a spell at you.
You suddenly lose the ability to move!
The ogre barely misses you.
The ogre mage gestures at the ogre while chanting.
The ogre seems to speed up.
The ogre hits you with a +0 giant club!!
The troll bites you but does no damage.
The troll claws you but does no damage. x2
The ogre hits you with a +0 giant spiked club.
The ogre mage points at the ogre and mumbles some strange words.
The ogre seems to speed up.
The troll bites you. The troll claws you. The troll claws you!
The ogre hits you with a +0 giant club!!
* * * LOW HITPOINT WARNING * * *
The ogre hits you with a +0 giant spiked club!
* * * LOW HITPOINT WARNING * * *
The troll barely misses you. The troll claws you.
* * * LOW HITPOINT WARNING * * *
The troll claws you.
* * * LOW HITPOINT WARNING * * *
The ogre hits you with a +0 giant club.
You die...

##......#.....###.)####.
##....#.#.......#.))# ##
#..........#....#O).##
#....................##
##.............)......##
##.............(..##.#.##
#..........(.#....###...#
#.......TO..#.##.#####...
#.......@.O.......#.#....
##.....O.......#(........
##...............#.#....
#......C................
#...............#......#
#.....##...............#
##.#.#.#................
#...................#..#
#..#................#...


You could see a stone giant, an ogre mage, a troll and 2 ogres.

Vanquished Creatures
  Nessos (D:13)
  Josephine (D:13)
  3 vault guards (D:13)
  2 centaur warriors (D:13)
  7 two-headed ogres
  An orc high priest (Orc:1)
  Urug (Lair:2)
  An iron troll (Orc:2)
  An unseen horror (D:10)
  An oklob plant (D:12)
  An orc sorcerer (Orc:2)
  An elephant (Lair:4)
  A cyclops (Orc:2)
  Maurice (D:8)
  3 centaur zombies
  Psyche (D:8)
  4 black mambas
  3 molten gargoyles (D:10)
  12 spiny frogs
  2 rime drakes
  4 komodo dragons
  8 trolls
  A polar bear (Lair:4)
  10 hippogriffs
  10 slime creatures
  5 dream sheep (Lair:4)
  5 blink frogs
  11 yaks
  4 wraiths (D:13)
  3 basilisks
  Eustachio (D:6)
  2 wyverns
  4 vampire mosquitoes
  6 humans (D:13)
  Menkaure (D:5)
  2 hungry ghosts
  A warg (Orc:2)
  2 nagas (Lair:2)
  A soldier ant (D:13)
  7 water moccasins
  A porcupine (Lair:1)
  Duvessa (D:5)
  13 orc warriors
  4 black bears
  2 ice beasts
  6 sky beasts
  15 ogres
  2 phantoms
  17 centaurs
  7 wolves (Lair:1)
  6 crocodiles
  2 big kobolds
  7 bullfrogs
  Dowan (D:5)
  4 scorpions
  16 killer bees
  7 wights
  3 howler monkeys
  2 electric eels (Lair:2)
  5 crimson imps
  A bullfrog zombie (D:12)
  3 hounds
  11 orc priests
  A bullfrog skeleton (D:13)
  4 jellies
  2 centaur skeletons
  4 iguanas
  11 worker ants
  18 orc wizards
  3 hound skeletons (D:4)
  A mummy (D:9)
  2 howler monkey zombies
  3 gnolls (D:6)
  2 howler monkey skeletons
  13 adders
  4 shadow imps
  An ooze (D:4)
  An adder skeleton (D:5)
  An adder zombie (D:8)
  8 worms
  3 dart slugs
  7 leopard geckos
  73 orcs
  3 ball pythons
  4 giant cockroaches
  4 goblins
  7 hobgoblins
  16 jackals
  12 kobolds
  8 quokkas
  10 bats
  5 frilled lizards
  2 quokka zombies
  7 rats
  A plant (D:12)
513 creatures vanquished.

Vanquished Creatures (collateral kills)
  2 vault guards (D:13)
  2 two-headed ogres (Orc:2)
  An ugly thing (D:11)
  2 elephants (Lair:4)
  A molten gargoyle (D:10)
  2 komodo dragons
  A tengu conjurer (D:12)
  A polar bear (Lair:4)
  A slime creature (D:13)
  A hippogriff (D:12)
  2 blink frogs
  A warg (Orc:1)
  A water moccasin (D:10)
  A porcupine (Lair:3)
  An orc warrior (Orc:1)
  3 ogres (Orc:2)
  4 wolves (Lair:1)
  A big kobold (D:10)
  A crocodile (Lair:3)
  A bullfrog (Lair:3)
  A wight (D:13)
  A hound (D:11)
  An orc priest (D:11)
  2 orc wizards
  6 orcs
  2 kobolds (D:11)
  A plant (Lair:2)
44 creatures vanquished.

Vanquished Creatures (others)
  A human (D:13)
  18 fulminant prisms
  4 fungi
  8 plants
31 creatures vanquished.

Grand Total: 588 creatures vanquished

Notes
Turn   | Place    | Note
-------+----------+-------------------------------------------
     0 | D:1      | Mehrunes the Deep Elf Conjurer began the quest for the Orb.
     0 | D:1      | Reached XP level 1. HP: 10/10 MP: 6/6
   237 | D:1      | Reached XP level 2. HP: 15/15 MP: 4/8
   254 | D:1      | Learned a level 2 spell: Searing Ray
   990 | D:2      | Reached XP level 3. HP: 20/20 MP: 6/10
  1378 | D:2      | Reached skill level 1 in Fighting
  1562 | D:2      | Reached XP level 4. HP: 25/25 MP: 9/12
  2087 | D:3      | Found a hide-covered altar of Uskayaw.
  2087 | D:3      | Noticed a +0 hand axe
  2088 | D:3      | Noticed a +0 hand axe
  2676 | D:3      | Learned a level 4 spell: Fulminant Prism
  2681 | D:3      | Learned a level 4 spell: Iskenderun's Mystic Blast
  2724 | D:3      | Reached XP level 5. HP: 30/30 MP: 12/14
  3170 | D:4      | Reached skill level 1 in Hexes
  3183 | D:4      | Reached skill level 1 in Translocations
  3197 | D:4      | Found an ancient bone altar of Kikubaaqudgha.
  3300 | D:4      | Found Meaq Fige's Antique Weapon Shoppe.
  3336 | D:4      | Reached skill level 5 in Spellcasting
  3445 | D:4      | Found a blossoming altar of Fedhas.
  3620 | D:4      | Reached XP level 6. HP: 35/35 MP: 10/15
  3693 | D:4      | Found a sparkling altar of Nemelex Xobeh.
  3921 | D:4      | Found a staircase to the Ecumenical Temple.
  4014 | Temple   | Entered the Ecumenical Temple
  4282 | Temple   | Became a worshipper of Vehumet
  4351 | D:5      | Entered Level 5 of the Dungeon
  4475 | D:5      | Found a bloodstained altar of Trog.
  4478 | D:5      | Noticed Duvessa
  4511 | D:5      | Killed Duvessa
  4512 | D:5      | Noticed Dowan
  4514 | D:5      | Killed Dowan
  4514 | D:5      | Reached XP level 7. HP: 18/39 MP: 8/16
  4820 | D:5      | Reached skill level 5 in Dodging
  4874 | D:5      | Reached skill level 5 in Conjurations
  4997 | D:5      | Noticed Menkaure
  5405 | D:5      | Killed Menkaure
  5698 | D:5      | Reached * piety under Vehumet
  5698 | D:5      | Offered knowledge of Shock by Vehumet.
  5769 | D:5      | Reached XP level 8. HP: 42/44 MP: 7/19
  6068 | D:5      | Reached skill level 6 in Conjurations
  6927 | D:6      | Reached ** piety under Vehumet
  6927 | D:6      | Offered knowledge of Sandblast by Vehumet.
  6927 | D:6      | Reached skill level 7 in Conjurations
  7041 | D:6      | Noticed Eustachio
  7130 | D:6      | Reached XP level 9. HP: 52/52 MP: 15/23
  7161 | D:6      | Killed Eustachio
  7349 | D:6      | Found a runed translucent door.
  7783 | D:7      | Identified the +3 leather armour of the Turtle {rPois SInv}
  7796 | D:7      | Found an opulent altar of Gozag.
  7827 | D:7      | Offered knowledge of Stone Arrow by Vehumet.
  8796 | D:7      | Found a shimmering altar of Xom.
  8797 | D:7      | Found a hazy altar of Hepliaklqana.
  8798 | D:7      | Noticed a spectral ugly thing
  9233 | D:8      | Reached skill level 5 in Hexes
  9254 | D:8      | Reached *** piety under Vehumet
  9870 | D:8      | Found a shimmering altar of Xom.
  9871 | D:8      | You fall into a shaft and drop 1 floor!
  9948 | D:8      | Found Iduah's Book Boutique.
  9955 | D:8      | Bought a book of Callings for 390 gold pieces
  9960 | D:8      | Learned a level 4 spell: Summon Lightning Spire
  9973 | D:8      | Noticed Psyche
  9995 | D:8      | Killed Psyche
  9995 | D:8      | Reached skill level 1 in Summonings
  9995 | D:8      | Reached skill level 1 in Air Magic
  9995 | D:8      | Reached XP level 10. HP: 58/58 MP: 12/25
 10080 | D:8      | Found an iron altar of Okawaru.
 10299 | D:8      | Noticed Maurice
 10306 | D:8      | Killed Maurice
 10321 | D:8      | Learned a level 3 spell: Stone Arrow
 10333 | D:8      | Offered knowledge of Sticky Flame by Vehumet.
 10337 | D:8      | Reached skill level 10 in Spellcasting
 10419 | D:8      | Found a shimmering altar of Xom.
 10420 | D:8      | Found a shimmering altar of Xom.
 10437 | D:8      | Found a shimmering altar of Xom.
 10638 | D:9      | Found a snail-covered altar of Cheibriados.
 10946 | D:9      | Found a shattered altar of Ashenzari.
 11248 | D:9      | Found a sacrificial altar of Ru.
 11306 | D:10     | Entered Level 10 of the Dungeon
 11397 | D:10     | Noticed an unseen horror
 11406 | D:10     | Killed an unseen horror
 11674 | D:10     | Noticed a molten gargoyle
 11693 | D:10     | Killed a molten gargoyle
 11971 | D:10     | Noticed a molten gargoyle
 11971 | D:10     | Noticed a molten gargoyle
 11972 | D:10     | Noticed a molten gargoyle
 12297 | D:10     | Found a staircase to the Lair.
 12370 | D:10     | Reached **** piety under Vehumet
 12668 | Lair:1   | Entered Level 1 of the Lair of Beasts
 12668 | Lair:1   | Noticed a spiny frog
 12670 | Lair:1   | Killed a spiny frog
 12670 | Lair:1   | Reached skill level 10 in Dodging
 12670 | Lair:1   | Reached skill level 5 in Summonings
 12670 | Lair:1   | Reached XP level 11. HP: 62/62 MP: 22/27
 12730 | Lair:1   | Learned a level 4 spell: Sticky Flame
 12851 | Lair:1   | Reached skill level 5 in Air Magic
 13050 | Lair:1   | Reached skill level 5 in Fighting
 13221 | Lair:1   | Offered knowledge of Fireball by Vehumet.
 13269 | Lair:1   | Learned a level 5 spell: Fireball
 14070 | Lair:2   | Reached skill level 1 in Fire Magic
 14070 | Lair:2   | Reached skill level 1 in Earth Magic
 14153 | Lair:2   | Found a staircase to the Snake Pit.
 14245 | Lair:2   | Noticed Urug
 14252 | Lair:2   | Killed Urug
 14409 | Lair:2   | Found a runed translucent gate.
 14409 | Lair:2   | Found a runed translucent gate.
 14409 | Lair:2   | Found a runed translucent gate.
 14430 | Lair:2   | Noticed Kenorope's ghost (journeyman DEFE)
 14431 | Lair:2   | Noticed a six-headed hydra
 14431 | Lair:2   | Noticed a six-headed hydra
 16054 | Lair:3   | Reached XP level 12. HP: 67/73 MP: 17/28
 17438 | Lair:4   | Reached ***** piety under Vehumet
 17482 | Lair:4   | Identified the Papyrus of Sinister Arts and Conjuration
 17485 | Lair:4   | Offered knowledge of Iron Shot by Vehumet.
 17493 | Lair:4   | Learned a level 6 spell: Iron Shot
 17869 | Lair:4   | Found a staircase to the Shoals.
 17973 | Lair:4   | Noticed a five-headed hydra
 18251 | Lair:4   | Noticed Rupert
 18430 | D:10     | Noticed a two-headed ogre
 18434 | D:10     | Killed a two-headed ogre
 19518 | D:12     | Identified a scroll of acquirement
 19529 | D:12     | Offered knowledge of Lee's Rapid Deconstruction by Vehumet.
 19540 | D:11     | Reached XP level 13. HP: 76/80 MP: 9/31
 19595 | D:11     | Learned a level 7 spell: Orb of Destruction
 19643 | D:11     | Learned a level 5 spell: Iskenderun's Battlesphere
 19805 | D:12     | Reached skill level 8 in Conjurations
 19805 | D:12     | Reached skill level 5 in Earth Magic
 19919 | D:12     | Reached skill level 1 in Charms
 20301 | D:12     | Found a shadowy altar of Dithmenos.
 20348 | D:12     | Got a crystal short sword
 20349 | D:12     | Identified the cursed +1 short sword of Arbitration
                  | {vorpal, *Rage +Inv rElec MR+} (You found it on level 12 of
                  | the Dungeon)
 20518 | D:12     | Found a staircase to the Orcish Mines.
 20527 | Orc:1    | Entered Level 1 of the Orcish Mines
 20788 | Orc:1    | Found a shimmering blue altar of Sif Muna.
 21036 | Orc:2    | Entered Level 2 of the Orcish Mines
 21079 | Orc:2    | Reached skill level 1 in Shields
 21305 | Orc:2    | Found Olafink's Gadget Shoppe.
 21307 | Orc:2    | Found Yrphonui's General Store.
 21324 | Orc:2    | Reached skill level 9 in Conjurations
 21351 | Orc:2    | Noticed a stone giant
 21369 | Orc:2    | HP: 2/80 [stone giant/large rock (30)]
 21818 | D:13     | Noticed Josephine
 21821 | D:13     | Killed Josephine
 21821 | D:13     | Noticed Nessos
 21824 | D:13     | Killed Nessos
 22046 | D:13     | Reached skill level 10 in Conjurations
 22129 | D:13     | Found a huge runed gate.
 22129 | D:13     | Found a huge runed gate.
 22130 | D:13     | Found a huge runed gate.
 22130 | D:13     | Found a huge runed gate.
 22130 | D:13     | Found a huge runed gate.
 22130 | D:13     | Found a huge runed gate.
 22130 | D:13     | Found a huge runed gate.
 22139 | D:13     | Found a huge runed gate.
 22240 | D:13     | Found a huge runed gate.
 22388 | D:13     | Reached skill level 11 in Conjurations
 22393 | D:13     | HP: 1/80 [centaur warrior/arrow (15)]
 22592 | D:13     | Found a huge runed gate.
 22592 | D:13     | Found a huge runed gate.
 22592 | D:13     | Found a huge runed gate.
 22592 | D:13     | Found a huge runed gate.
 22592 | D:13     | Found a huge runed gate.
 22592 | D:13     | Found a huge runed gate.
 22594 | D:13     | Found a huge runed gate.
 22596 | D:13     | Found a huge runed gate.
 22597 | D:13     | Found a huge runed gate.
 22597 | D:13     | Found a huge runed gate.
 22605 | D:13     | Found a huge runed gate.
 22605 | D:13     | Found a huge runed gate.
 22605 | D:13     | Found a huge runed gate.
 22605 | D:13     | Found a huge runed gate.
 22605 | D:13     | Found a huge runed gate.
 22627 | D:13     | Found a huge runed gate.
 22627 | D:13     | Found a huge runed gate.
 22627 | D:13     | Found a huge runed gate.
 22627 | D:13     | Found a huge runed gate.
 22882 | D:13     | Found a huge runed gate.
 22883 | D:13     | Found a huge runed gate.
 22884 | D:13     | Found a huge runed gate.
 22885 | D:13     | Found a huge runed gate.
 22885 | D:13     | Found a huge runed gate.
 22891 | D:13     | Found a huge runed gate.
 22891 | D:13     | Found a huge runed gate.
 22891 | D:13     | Found a huge runed gate.
 22980 | D:13     | Reached skill level 12 in Conjurations
 22982 | D:13     | Reached XP level 14. HP: 86/86 MP: 7/32
 23192 | D:13     | Found a gate to the Vaults.
 23485 | D:13     | Learned a level 1 spell: Apportation
 23500 | D:13     | Noticed a frost giant
 23500 | D:13     | Noticed a frost giant
 23500 | D:13     | Noticed a tengu reaver
 23500 | D:13     | Noticed a frost giant
 24449 | Orc:2    | Found Ylithey's Magic Scroll Shop.
 24456 | Orc:2    | Reached ****** piety under Vehumet
 24456 | Orc:2    | Reached skill level 13 in Conjurations
 24720 | Orc:2    | Paralysed by an ogre mage for 7 turns
 24723 | Orc:2    | Slain by an ogre

Levels and vault maps discovered:
D:1:      lemuel_arrival_behind_the_door_large, layout_loops_corners
D:2:      layout_loops_ring, serial_forest, infiniplex_forest_straight_2,
          infiniplex_forest_corner_1, infiniplex_forest_straight_5,
          infiniplex_forest_lined_2, infiniplex_forest_straight_3,
          infiniplex_forest_lined_room_3, first_ration
D:3:      minmay_diamond_boxcup, layout_basic, dancing_weapons_uskayaw,
          grunt_ministairs_7
D:4:      layout_loops_ring, marbit_many_paths, lemuel_round_altar,
          nicolae_overflow_hidden_temple, minmay_temple_entry_enclosed_plants,
          serial_shops, shop, chequers_serial_rivers_room_a, abandoned_shop
D:5:      layout_rooms, lemuel_doored_altar, kennysheep_small_circle,
          uniq_menkaure, uniq_duvessa
D:6:      layout_cave_pools, lightli_church_of_beogh, uniq_eustachio
D:7:      layout_basic, regret_index_temple_of_mockery, old_standard_altar
D:8:      wander_river, layout_basic, lemuel_coloured_pillars_altar,
          serial_shops, shop, xom_shifter_show, uniq_psyche, uniq_maurice
D:9:      layout_basic, kennysheep_mini_moat, slow_altar_1,
          nicolae_ru_path_of_blood
D:10:     layout_loops_ring, lair_entry_dummy, blue_anna_alchemist
          [blue_anna_fruit_fields, blue_anna_fruit_fields], roderic_lattice_a,
          minivault_8
D:11:     layout_gridville
D:12:     layout_cave_pools, david_orc_4, lemuel_oklob_altar
D:13:     layout_irregular_city, ximxim_vaults_locker_room, door_vault,
          uniq_nessos, uniq_josephine
Temple:   dpeg_chambers_temple
Lair:1:   layout_layer_cave, st_stairs_9, serial_bayou_shore_b,
          grunt_megastairs_5
Lair:2:   layout_cave_shapes, minmay_snake_entry_guardpost_small,
          gammafunk_ghost_split, serial_bayou_shore_a, serial_bayou_shore_b,
          lemuel_fruit_tree, uniq_urug
Lair:3:   layout_layer_cave, grunt_megastairs_2
Lair:4:   layout_loops_ring, elwin_shoals_entry_rocks,
          nicolae_volcano_entry_batcave, beast_lair_carwin_5,
          grunt_megastairs_1, infiniplex_staircase_pool, serial_bayou_shore_b,
          minmay_lair_oklob_chamber, uniq_rupert
Orc:1:    minmay_goldmine, layout_diamond_mine, led_sif_book
Orc:2:    st_orc_open, layout_caves, serial_shops, shop

Skill      XL: |  1  2  3  4  5  6  7  8  9 10 11 12 13 14 |
---------------+-------------------------------------------+-----
Dodging        | 3 4 5 6 8 10 11 | 11.9
Fighting       | 1 2 3 4 8 9 |  9.6
Spellcasting   | 4 5 6 8 9 10 12 | 12.5
Hexes          | 2 3 4 5 |  5.4
Translocations | 2 3 4 |  4.9
Conjurations   | 5 7 12 13 | 13.0
Summonings     | 1 5 6 |  6.0
Air Magic      | 1 4 6 |  6.0
Fire Magic     | 4 |  4.0
Earth Magic    | 1 4 6 |  6.0
Charms         | 3 |  3.1
Shields        | 4 |  4.0
Stealth        | |  2.4

Action                   |  1- 3 |  4- 6 |  7- 9 | 10-12 | 13-15 || total
-------------------------+-------+-------+-------+-------+-------++-------
Melee: Unarmed           |       |     2 |       |       |       ||     2
       Staff             |       |       |       |     4 |       ||     4
 Cast: Magic Dart        |    65 |    78 |   175 |    18 |       ||   336
       Searing Ray       |     5 |    21 |    61 |    10 |     3 ||   100
       Fulminant Prism   |       |       |     9 |     9 |       ||    18
       Stone Arrow       |       |       |       |   295 |   227 ||   522
       Summon Lightning  |       |       |       |    44 |    18 ||    62
       Fireball          |       |       |       |     9 |    27 ||    36
       Sticky Flame      |       |       |       |     1 |       ||     1
       Iskenderun's Myst |       |       |       |       |     8 ||     8
       Iskenderun's Batt |       |       |       |       |     3 ||     3
Evoke: Lamp of fire      |       |       |       |     1 |       ||     1
  Use: Scroll            |       |       |     5 |    14 |     5 ||    24
       Potion            |       |       |       |     3 |     3 ||     6
  Eat: Chunk             |     2 |     9 |    16 |    23 |    18 ||    68
       Ration            |       |       |       |     2 |       ||     2
Armor: Robe              |     1 |     8 |    15 |       |       ||    24
       Leather armour    |       |       |     2 |    37 |    16 ||    55
Dodge: Dodged            |    15 |    23 |    42 |   125 |    78 ||   283
Block: Buckler           |       |       |       |       |    11 ||    11

Table legend:
 A = Non-vault XP
 B = Vault XP
 C = Vault XP percentage of total XP
 D = Non-vault monster count
 E = Vault monster count
 F = Vault count percentage of total count
                 A         B        C        D         E       F
            +---------+---------+-------+---------+---------+-------
      Total |   44559 |   25938 |  36.8 |     454 |     101 |  18.2
            +---------+---------+-------+---------+---------+-------
        D:1 |      39 |       0 |   0.0 |      20 |       0 |   0.0
        D:2 |      59 |       0 |   0.0 |      22 |       0 |   0.0
        D:3 |      74 |      47 |  38.8 |      21 |      11 |  34.4
        D:4 |     232 |      75 |  24.4 |      17 |       2 |  10.5
        D:5 |     925 |     395 |  29.9 |      37 |       4 |   9.8
        D:6 |    1149 |     197 |  14.6 |      32 |       1 |   3.0
        D:7 |     990 |       0 |   0.0 |      32 |       0 |   0.0
        D:8 |    1906 |     919 |  32.5 |      34 |       2 |   5.6
        D:9 |    1219 |      18 |   1.5 |      20 |       1 |   4.8
       D:10 |    3459 |    1735 |  33.4 |      21 |       5 |  19.2
       D:11 |    3074 |       0 |   0.0 |      34 |       0 |   0.0
       D:12 |    3800 |    1131 |  22.9 |      24 |      15 |  38.5
       D:13 |    9019 |    8853 |  49.5 |      46 |      16 |  25.8
     Lair:1 |    2934 |    1101 |  27.3 |      16 |       7 |  30.4
     Lair:2 |    3371 |     965 |  22.3 |      18 |       3 |  14.3
     Lair:3 |    4685 |     306 |   6.1 |      20 |       2 |   9.1
     Lair:4 |    4981 |    2448 |  33.0 |      17 |       8 |  32.0
      Orc:1 |    1765 |      82 |   4.4 |      19 |       2 |   9.5
      Orc:2 |     878 |    7666 |  89.7 |       4 |      22 |  84.6
            +---------+---------+-------+---------+---------+-------
